 Dungeon Crawl Stone Soup version 0.28.0-47-ge53b351184 (webtiles) character file.

Game seed: 7358842395066837880

594 101zpm the Magician (level 7, -7/46 HPs)
             Began as a Djinni Ice Elementalist on Apr 26, 2022.
             Mangled by Duvessa
             ... wielding a +0 short sword
              (11 damage)
             ... on level 4 of the Dungeon.
             The game lasted 00:13:10 (4666 turns).

101zpm the Magician (Djinni Ice Elementalist)       Turns: 4666, Time: 00:13:10

Health: -7/46      AC:  9    Str:  7    XL:     7   Next: 67%
Gold:   219        EV: 12    Int: 18    God:
                   SH:  0    Dex: 14

rFire   + + .      SeeInvis .   (no weapon)
rCold   x . .      Faith    .   (no shield)
rNeg    . . .      Spirit   .   a - +0 robe
rPois   ∞          Reflect  .   (no helmet)
rElec   .          Harm     .   (no cloak)
rCorr   .          Rampage  .   (no gloves)
Will    .....                   (boots unavailable)
Stlth   ++........              (no amulet)
HPRegen 0.15/turn               (no ring)
MPRegen 0.00/turn               (no ring)

@: ice-armoured, freezing walls, flying
A: sickness immunity, fire resistance 2, cold vulnerability 1, float, innate
caster, HP casting, extra vitality 1
a: no special abilities


You were on level 4 of the Dungeon.
You visited 2 branches of the dungeon, and saw 5 of its levels.

You collected 219 gold pieces.

Inventory:

Missiles
 c - 2 throwing nets
Armour
 a - a +0 robe (worn)
 i - a +0 robe of resistance
Scrolls
 d - a scroll of blinking {unknown}
 g - a scroll of amnesia {unknown}
 h - 4 scrolls of identify {unknown}
 m - 2 scrolls of torment {unknown}
 o - a scroll of fear {unknown}
Potions
 b - 2 potions of curing {unknown}
 e - 2 potions of flight {unknown}
 f - a potion of invisibility {unknown}
 j - 3 potions of mutation {unknown}
 k - a potion of heal wounds {unknown}
 l - a potion of attraction {unknown}
 n - a potion of lignification {unknown}
 p - a potion of berserk rage {unknown}


   Skills:
 + Level 0.7 Fighting
 + Level 2.8 Dodging
 + Level 2.4 Stealth
 + Level 0.6 Unarmed Combat
 + Level 6.3 Spellcasting


You had one spell level left.
You knew the following spells:

 Your Spells              Type           Power      Damage    Failure   Level
a - Freeze                Ice            100%       1d11      1%          1
b - Frozen Ramparts       Ice            56%        1d7       2%          3
c - Ozocubu's Armour      Ice            28%        N/A       2%          3
d - Hailstorm             Conj/Ice       28%        3d8       9%          4
e - Magic Dart            Conj           100%       1d8       1%          1
f - Call Imp              Summ           28%        N/A       1%          2
g - Dazzling Flash        Conj/Hex       56%        N/A       2%          3
Your spell library was empty.

Dungeon Overview and Level Annotations

Branches:
Dungeon (4/15)             Temple (1/1) D:4

Altars:
Ashenzari
Cheibriados
Dithmenos
Elyvilon
Nemelex Xobeh
Okawaru
Qazlal
Ru
Sif Muna
Uskayaw
Vehumet
Wu Jian
Zin
The Shining One

Annotations:
D:4 Duvessa


Innate Abilities, Weirdness & Mutations

You are immune to sickness and miasma.
You are immune to poison.
Your flesh is very heat resistant. (rF++)
You are vulnerable to cold. (rC-)
You float through the air rather than walking.
You learn spells naturally, not from books.
Your magical power is your life essence.
You have superior vitality. (+4 MHP)


Message History

You are too injured to fight recklessly!
Aiming: Freeze (safe; 1% risk of failure)
Press: ? - help, Q - select action, (/) - cycle Shift-Dir - straight line, f/p - Duvessa
Aim: Duvessa, wielding a +0 short sword and wearing a +2 leather armour of cold resistance (moderately wounded, berserk, fast, ally target)
You freeze Duvessa.
Duvessa resists.
Duvessa is moderately wounded.
Duvessa completely resists.
The wall freezes Duvessa but does no damage.
Duvessa misses you.
Your white imp hits Duvessa but does no damage.
Casting: Freeze (safe; 1% risk of failure)
Confirm with . or Enter, or press ? or * to list all spells.
Okay, then.
Casting: Freeze (safe; 1% risk of failure)
Confirm with . or Enter, or press ? or * to list all spells.
Casting: Dazzling Flash (dangerous; 2% risk of failure)
Press: ? - help, Dir - look around, f - activate Really dazzle near your white imp?
Duvessa is dazzled.
The wall freezes Duvessa but does no damage.
Duvessa barely misses you.
Duvessa completely resists.
The wall freezes Duvessa but does no damage.
Duvessa hits you with a +0 short sword!
* * * LOW HITPOINT WARNING * * *
Your white imp gestures at Duvessa.
The puff of frost hits Duvessa.
Duvessa resists.
What are your orders? t - Shout!
Orders for allies: a - Attack new target. r - Retreat! s - Stop attacking. g - Guard the area. f - Follow me.
Anything else - Cancel.
Gang up on whom?
Press: ? - help, Dir - move target, f - Duvessa
Aim: Duvessa, wielding a +0 short sword and wearing a +2 leather armour of cold resistance (heavily wounded, berserk, fast, blind, ally target) Attack!
Duvessa resists.
The wall freezes Duvessa.
Duvessa closely misses you.
Your white imp hits Duvessa.
Your white imp freezes Duvessa.
Duvessa resists.
Duvessa resists.
The wall freezes Duvessa.
Duvessa hits you with a +0 short sword!
You die...

........#.##......#
.............>.##..#
...######†##.#.###.#
........)....#.# .#
....#........#.# .. #
....#........#.# ###.##
...).........#.###......
..###...........5.......
...##........##.@e.).$..
...##.).........######..
...##........##.#
...####......##.#
......#.####..#.#####
......#.####........##
..........#..........##
#.#.....#.............###
#....#...................#


You could see Duvessa (berserk, fast, blind, ally target) and a friendly white
imp (summoned).

Vanquished Creatures
  Eustachio (D:4)
  A phantom (D:4)
  Dowan (D:4)
  An iguana (D:4)
  Robin (D:4)
  3 adders
  4 gnolls
  An ufetubus (D:4)
  2 worms (D:2)
  A dart slug (D:1)
  An orc (D:3)
  3 ball pythons
  11 bats
  5 endoplasms
  A giant cockroach (D:4)
  18 goblins
  14 hobgoblins
  10 jackals
  4 kobolds
  5 quokkas
  11 frilled lizards
  4 rats
103 creatures vanquished.

Vanquished Creatures (collateral kills)
  An ogre (D:4)
  3 worms
  A dart slug (D:2)
  A goblin (D:4)
  A hobgoblin (D:4)
  A kobold (D:4)
8 creatures vanquished.

Vanquished Creatures (others)
  10 plants (D:4)
10 creatures vanquished.

Grand Total: 121 creatures vanquished

Notes
Turn   | Place    | Note
-------+----------+-------------------------------------------
     0 | D:1      | 101zpm the Djinni Ice Elementalist began the quest for the
                  | Orb.
     0 | D:1      | Reached XP level 1. HP: 15/15 MP: 0/0
    63 | D:1      | You are sucked into a shaft and drop 1 floor!
    72 | D:2      | Reached XP level 2. HP: 6/21 MP: 0/0
   478 | D:2      | Reached XP level 3. HP: 16/25 MP: 0/0
   478 | D:2      | Learned a level 1 spell: Magic Dart
   644 | D:2      | Reached skill level 4 in Spellcasting
   644 | D:2      | Reached XP level 4. HP: 19/31 MP: 0/0
  1452 | D:3      | Reached XP level 5. HP: 25/35 MP: 0/0
  1452 | D:3      | Learned a level 2 spell: Call Imp
  1789 | D:3      | Found a hide-covered altar of Uskayaw.
  2955 | D:1      | Found a faded altar of an unknown god.
  2957 | D:1      | Noticed a golden eye
  2958 | D:1      | Noticed a golden eye
  2958 | D:1      | Noticed an eye of devastation
  2958 | D:1      | Noticed a floating eye
  3631 | D:4      | Noticed an ogre
  3631 | D:4      | Found a staircase to the Ecumenical Temple.
  3668 | D:4      | Killed an ogre
  3669 | D:4      | Reached skill level 5 in Spellcasting
  3669 | D:4      | Reached XP level 6. HP: 28/41 MP: 0/0
  3790 | Temple   | Entered the Ecumenical Temple
  4107 | D:4      | Noticed Eustachio
  4123 | D:4      | Killed Eustachio
  4124 | D:4      | Reached skill level 6 in Spellcasting
  4124 | D:4      | Reached XP level 7. HP: 27/46 MP: 0/0
  4124 | D:4      | Learned a level 3 spell: Dazzling Flash
  4448 | D:4      | Noticed Robin
  4460 | D:4      | Killed Robin
  4655 | D:4      | Noticed Dowan
  4655 | D:4      | Noticed Duvessa
  4660 | D:4      | Killed Dowan
  4666 | D:4      | Mangled by Duvessa

Illustrated notes

Levels and vault maps discovered:
D:1:      dpeg_arrival_orchard, layout_rooms,
          hellmonk_ecumenical_altar_watching_god, minmay_misc_feat_columns
D:2:      cheibrodos_greedy_goblins, layout_loops_ring, minivault_4,
          kennysheep_boxes
D:3:      layout_rooms, nicolae_overflow_hidden_temple,
          eat_drink_and_be_merry_uskayaw
D:4:      layout_rooms, mainiacjoe_overflow_six_doors_small,
          minmay_temple_entry_statues_fountains, minmay_misc_feat_five,
          minmay_lizard_king, uniq_eustachio, uniq_robin, uniq_duvessa,
          uniq_menkaure
Temple:   cyrus_circular_temple

Skill      XL: |  1  2  3  4  5  6 |
---------------+-------------------+-----
Stealth        | 2 |  2.4
Spellcasting   | 4 5 6 |  6.3
Fighting       | |  0.7
Dodging        | |  2.8
Unarmed Combat | |  0.6

Action                   |  1- 3 |  4- 6 |  7- 9 || total
-------------------------+-------+-------+-------++-------
Melee: Unarmed           |       |     8 |       ||     8
       Punch             |       |     1 |       ||     1
 Cast: Freeze            |    27 |    83 |     2 ||   112
       Frozen Ramparts   |       |     9 |     3 ||    12
       Call Imp          |       |    13 |     2 ||    15
       Ozocubu's Armour  |       |     3 |     2 ||     5
       Hailstorm         |       |     4 |     4 ||     8
       Magic Dart        |       |     3 |    22 ||    25
       Dazzling Flash    |       |       |     1 ||     1
Armor: Robe              |     1 |    17 |       ||    18
Dodge: Dodged            |    17 |    47 |     5 ||    69
